 Dungeon Crawl Stone Soup version 0.31-a0-237-g2d982f9f85 (webtiles) character file.

Game seed: 15397779030593577353

91 qw the Shooter (level 4, -3/36 HPs)
             Began as a Minotaur Hexslinger on July 11, 2023.
             Killed by divine providence
             ... invoked by an orc priest
              (8 damage)
             ... on level 3 of the Dungeon.
             The game lasted 00:00:42 (1304 turns).

qw the Shooter (Minotaur Hexslinger)                Turns: 1304, Time: 00:00:42

Health: -3/36      AC:  8    Str: 13    XL:     4   Next: 34%
Magic:  4/4        EV: 11    Int: 10    God:
Gold:   136        SH:  0    Dex: 14    Spells: 4/5 levels left

rFire   . . .        Y - +1 sling
rCold   . . .        (no shield)
rNeg    . . .        e - +0 ring mail
rPois   .            (helmet restricted)
rElec   .            g - +0 cloak
rCorr   .            l - +1 pair of gloves
SInv    .            (no boots)
Will    .....        (no amulet)
Stlth   +            (no ring)
HPRegen 0.26/turn    (no ring)
MPRegen 0.09/turn

%: no passive effects
@: no status effects
A: horns 2, retaliatory headbutt
a: no special abilities


You were on level 3 of the Dungeon.
You visited 1 branch of the dungeon, and saw 3 of its levels.

You collected 136 gold pieces.


Innate Abilities, Weirdness & Mutations

You have a pair of horns on your head.
You reflexively headbutt those who attack you in melee.


   Skills:
 - Level 2.0 Fighting
 + Level 4.3 Ranged Weapons
 - Level 2.2 Armour
 - Level 2.1 Dodging
 - Level 1.0 Spellcasting
 - Level 2.0 Hexes


You had 4 spell levels left.
You knew the following spells:

 Your Spells              Type           Power      Damage    Failure   Level
a - Slow                  Hex            16%        N/A       32%         1

Your spell library contained the following spells:

 Spells                   Type           Power      Damage    Failure   Level
 Inner Flame              Hex/Fire       2%         N/A       82%         3
 Portal Projectile        Hex/Tloc       4%         N/A       82%         3
 Cause Fear               Hex            2%         N/A       97%         4

Inventory:

Hand Weapons
 Y - a +1 sling (weapon)
Armour
 e - a +0 ring mail (worn)
 g - a +0 cloak (worn)
 l - a +1 pair of gloves (worn)
Scrolls
 a - a scroll of identify
Potions
 d - 4 potions of curing
 f - a potion of might {unknown}
 h - a potion of haste {unknown}
 k - a potion of cancellation {unknown}

Dungeon Overview and Level Annotations

Branches:
Dungeon (3/15)

Altars:


Message History

The orc priest hits you with a +0 whip. The ball python bites you.
The ball python constricts you.
You shoot a sling bullet. The sling bullet hits the ball python.
The ball python is severely wounded.
The ball python bites you but does no damage.
The ball python constricts you.
The orc priest hits you but does no damage.
The ball python bites you but does no damage.
The ball python constricts you.
The orc priest hits you but does no damage.
You shoot a sling bullet.
The sling bullet closely misses the ball python.
The ball python closely misses you. The ball python constricts you.
The orc priest closely misses you.
You shoot a sling bullet.
The sling bullet closely misses the ball python.
The ball python bites you but does no damage.
The ball python constricts you.
The orc priest hits you but does no damage.
The orc priest looks satisfied for a moment.
The ball python bites you but does no damage.
The ball python constricts you.
You shoot a sling bullet.
The sling bullet closely misses the ball python.
The orc priest invokes the aid of Beogh against you.
Pain shoots through your body! The ball python barely misses you.
The ball python constricts you. The orc priest hits you with a +0 whip.
You shoot a sling bullet.
The sling bullet barely misses the ball python.
The ball python bites you but does no damage.
The ball python constricts you. The ball python bites you.
The ball python constricts you.
The orc priest hits you but does no damage.
The orc priest looks encouraged for a moment.
You shoot a sling bullet. The sling bullet hits the ball python.
You kill the ball python!
The orc priest hits you with a +0 whip.
The orc priest calls down the wrath of Beogh upon you.
Beogh smites you!
You die...

###### #oo@.#
####.##%###
#....#....#
#.####..#.#####
###### #.
####.....# #.....
#o #...#.####.....
oo
#.#........'.....
..
.........####.....
... ....#######
#.....


You could see 2 orc priests.

Vanquished Creatures
  A hound (D:2)
  An adder (D:2)
  2 dart slugs
  2 orcs (D:3)
  7 endoplasms
  A giant cockroach (D:1)
  4 goblins
  4 hobgoblins
  3 quokkas (D:1)
  5 ball pythons
  4 bats
  3 frilled lizards
  6 kobolds
  8 rats (D:1)
51 creatures vanquished.

Notes
Turn   | Place    | Note
-------+----------+-------------------------------------------
     0 | D:1      | qw the Minotaur Hexslinger began the quest for the Orb.
     0 | D:1      | Reached XP level 1. HP: 16/16 MP: 1/1
     0 | D:1      | 0 ||| qw: Version: 0.3-a-52-g30416fa
     0 | D:1      | 0 ||| qw: Game counter: 5787
     0 | D:1      | 0 ||| qw: Melee chars always use a shield: true
     0 | D:1      | 0 ||| qw: God list: Okawaru
     0 | D:1      | 0 ||| qw: Allow faded altars: false
     0 | D:1      | 0 ||| qw: Do Orc after clearing Dungeon:15 true
     0 | D:1      | 0 ||| qw: Do second Lair branch before Depths: true
     0 | D:1      | 0 ||| qw: Lair rune preference: random
     0 | D:1      | 0 ||| qw: Goals: Normal
     0 | D:1      | 0 ||| PLANNING D:1-11
    96 | D:1      | Reached skill level 3 in Ranged Weapons
    96 | D:1      | Reached XP level 2. HP: 23/23 MP: 2/2
   141 | D:1      | Found a faded altar of an unknown god.
   230 | D:1      | 230 ||| FLEEEEING.
   231 | D:1      | 231 ||| FLEEEEING.
   235 | D:1      | 235 ||| FLEEEEING.
   236 | D:1      | 236 ||| FLEEEEING.
   238 | D:1      | 238 ||| FLEEEEING.
   239 | D:1      | 239 ||| FLEEEEING.
   240 | D:1      | 240 ||| FLEEEEING.
   461 | D:1      | Reached XP level 3. HP: 27/29 MP: 3/3
   612 | D:1      | 612 ||| UPGRADING to +0 ring mail.
   622 | D:1      | 622 ||| DROPPING +0 robe.
   623 | D:1      | 623 ||| READING 2 scrolls labelled LUXOMPEENO.
   624 | D:1      | 624 ||| DROPPING scroll of poison.
   648 | D:2      | 648 ||| STAIRDANCE
   757 | D:2      | Reached skill level 4 in Ranged Weapons
   913 | D:2      | Reached XP level 4. HP: 29/36 MP: 4/4
  1172 | D:2      | Identified the +11 short sword of Defence {drain, Int+3}
  1203 | D:2      | 1203 ||| UPGRADING to +0 cloak.
  1208 | D:2      | 1208 ||| UPGRADING to +1 pair of gloves.
  1213 | D:2      | 1213 ||| READING scroll labelled NEDIWI APTEARR.
  1218 | D:2      | 1218 ||| READING scroll labelled UPO SURAIBA.
  1219 | D:2      | 1219 ||| READING scroll labelled LELARUKHLON.
  1220 | D:2      | 1220 ||| READING scroll labelled XANKA OWYNWOOS.
  1221 | D:2      | 1221 ||| READING 2 scrolls of identify.
  1221 | D:2      | 1221 ||| IDENTIFYING blue potion
  1222 | D:2      | 1222 ||| DROPPING potion of invisibility.
  1289 | D:3      | 1289 ||| Stepping ~*~*~tactically~*~*~ (outnumbered).
  1290 | D:3      | 1290 ||| FLEEEEING.
  1291 | D:3      | 1291 ||| FLEEEEING.
  1292 | D:3      | 1292 ||| FLEEEEING.
  1302 | D:3      | HP: 9/36 [orc priest/+0 whip (2)]
  1304 | D:3      | Killed from afar by an orc priest

Levels and vault maps discovered:
D:1:      dpeg_arrival_ratfight, layout_rooms, ebering_ecumenical_altar_webs,
          minmay_tromino_v7
D:2:      layout_rooms, kennysheep_flooded_box
D:3:      layout_basic, mainiacjoe_overflow_tiny_flanked

Skill      XL: |  1  2  3 |
---------------+----------+-----
Ranged Weapons | 3 4 |  4.3
Fighting       | 2 |  2.0
Armour         | 2 |  2.2
Dodging        | |  2.1
Spellcasting   | |  1.0
Hexes          | |  2.0

Action                     |  1- 3 |  4- 6 || total
---------------------------+-------+-------++-------
   Fire: Sling             |   129 |    26 ||   155
    Use: Scroll            |     1 |     5 ||     6
 Armour: Robe              |     3 |       ||     3
         Ring mail         |    18 |    11 ||    29
  Dodge: Dodged            |    46 |    15 ||    61

Table legend:
 A = Non-vault XP
 B = Vault XP
 C = Vault XP percentage of total XP
 D = Non-vault monster count
 E = Vault monster count
 F = Vault count percentage of total count
                 A         B        C        D         E       F
            +---------+---------+-------+---------+---------+-------
      Total |     121 |      12 |   9.0 |      42 |       9 |  17.6
            +---------+---------+-------+---------+---------+-------
        D:1 |      40 |      12 |  23.1 |      24 |       9 |  27.3
        D:2 |      71 |       0 |   0.0 |      14 |       0 |   0.0
        D:3 |      10 |       0 |   0.0 |       4 |       0 |   0.0
            +---------+---------+-------+---------+---------+-------
